PBL
CHESTER PIRATES @ COLUMBUS REDS
08/20/2045
 
TOP OF THE 1ST
Chester Pirates batting - Pitching for Columbus Reds : RHP Guang Jue
Pitching: RHP Guang Jue
Batting: RHB Terrence Wilson 0-0: Ball
1-0: Swinging Strike
1-1: Ball
2-1: Swinging Strike
2-2: Ball
3-2: Foul Ball, location: 2F
3-2: Strikes out swinging
Batting: RHB Tim Moore 0-0: Ball
1-0: Called Strike
1-1: Ball
2-1: Swinging Strike
2-2: Foul Ball, location: 2F
2-2: Ball
3-2: Foul Ball, location: 2F
3-2: Base on Balls
Batting: LHB Carlos Vega 0-0: Foul Ball, location: 2F
0-1: Called Strike
0-2: Ball
1-2: Foul Ball, location: 2F
1-2: Ball
2-2: Ball
3-2: Foul Ball, location: 2F
3-2: Foul Ball, location: 2F
3-2: Foul Ball, location: 2F
3-2: Foul Ball, location: 2F
3-2: Grounds into double play, 4-6-3 (Groundball, 4MD, EV 84.4 MPH)
Top of the 1st over - 0 runs, 0 hits, 0 errors, 0 left on base; Chester 0 - Columbus 0
BOTTOM OF THE 1ST
Columbus Reds batting - Pitching for Chester Pirates : LHP Ben Buerck
Pitching: LHP Ben Buerck
Batting: RHB Ben Burkholder 0-0: Fly out, F8 (Line Drive, 8LD, EV 98.8 MPH)
Batting: SHB David Garnica 0-0: Called Strike
0-1: Foul Ball, location: 2F
0-2: Ball
1-2: Ground out 6-3 (Groundball, 56, EV 98.1 MPH)
Batting: RHB Andy Bachman 0-0: Ball
1-0: Ground out 4-3 (Groundball, 4, EV 82.5 MPH)
Bottom of the 1st over - 0 runs, 0 hits, 0 errors, 0 left on base; Chester 0 - Columbus 0
TOP OF THE 2ND
Chester Pirates batting - Pitching for Columbus Reds : RHP Guang Jue
Batting: RHB Jeff Edwards 0-0: Ball
1-0: Called Strike
1-1: Ball
2-1: Ball
3-1: Base on Balls
Batting: LHB Dustin Herman 0-0: TRIPLE (Flyball, 89XD, EV 95.6 MPH)
Jeff Edwards scores
Batting: LHB Chad Cutler 0-0: Foul Ball, location: 2F
0-1: Ground out 5-3 (Groundball, 56, EV 97.5 MPH)
Dustin Herman scores
Batting: RHB Dan Kurtz 0-0: Ball
1-0: Ball
2-0: Called Strike
2-1: Called Strike
2-2: Strikes out swinging
Batting: RHB Frank Elizondo 0-0: Ball
1-0: Swinging Strike
1-1: Swinging Strike
1-2: Strikes out looking
Top of the 2nd over - 2 runs, 1 hit, 0 errors, 0 left on base; Chester 2 - Columbus 0
BOTTOM OF THE 2ND
Columbus Reds batting - Pitching for Chester Pirates : LHP Ben Buerck
Batting: LHB Matt Kennedy 0-0: Ball
1-0: Foul Ball, location: 2F
1-1: Foul Ball, location: 2F
1-2: Ball
2-2: Ball
3-2: Foul Ball, location: 2F
3-2: Strikes out swinging
Batting: RHB Alex Villagomez 0-0: Ball
1-0: Called Strike
1-1: Swinging Strike
1-2: Strikes out swinging
Batting: RHB Juan Zamora 0-0: Ball
1-0: Ball
2-0: Called Strike
2-1: Ball
3-1: Base on Balls
Batting: RHB Ed Santibanez 0-0: SINGLE (Line Drive, 89M, EV 111.2 MPH)
Juan Zamora to second
Batting: SHB Jaivata Mohanty 0-0: Ball
1-0: Foul Ball, location: 2F
1-1: Ball
2-1: Ball
3-1: Foul Ball, location: 2F
3-2: DOUBLE (Line Drive, 89XD, EV 107.5 MPH)
Juan Zamora scores
Ed Santibanez to third
Ed Santibanez scores
Batting: SHB Cesar Pelayo 0-0: Swinging Strike
0-1: Foul Ball, location: 2F
0-2: Ball
1-2: Ball
2-2: Strikes out looking
Bottom of the 2nd over - 2 runs, 2 hits, 0 errors, 1 left on base; Chester 2 - Columbus 2
TOP OF THE 3RD
Chester Pirates batting - Pitching for Columbus Reds : RHP Guang Jue
Batting: RHB Erik Mulligan 0-0: Called Strike
0-1: Fly out, F6 (Line Drive, 6, EV 65.6 MPH)
Batting: RHB Terrence Wilson 0-0: Ball
1-0: Ball
2-0: Ball
3-0: Called Strike
3-1: Base on Balls
Batting: RHB Tim Moore 0-0: Called Strike
0-1: Fly out, F9 (Line Drive, 9, EV 108.1 MPH)
Batting: LHB Carlos Vega 0-0: Ball
1-0: SINGLE (Groundball, 6D, EV 99.4 MPH)
Terrence Wilson to second
Batting: RHB Jeff Edwards 0-0: Swinging Strike
0-1: Ball
1-1: Foul Ball, location: 2F
1-2: Ball
2-2: 3-RUN HOME RUN (Flyball, 7D, EV 98.1 MPH), Distance : 381 ft
Batting: LHB Dustin Herman 0-0: Ball
1-0: Ball
2-0: Swinging Strike
2-1: Ball
3-1: Base on Balls
Batting: LHB Chad Cutler 0-0: Called Strike
0-1: Swinging Strike
0-2: Ball
1-2: Strikes out swinging
Top of the 3rd over - 3 runs, 2 hits, 0 errors, 1 left on base; Chester 5 - Columbus 2
BOTTOM OF THE 3RD
Columbus Reds batting - Pitching for Chester Pirates : LHP Ben Buerck
Batting: RHB Ben Burkholder 0-0: Foul Ball, location: 2F
0-1: Ball
1-1: DOUBLE (Flyball, 9D, EV 96.9 MPH)
Batting: SHB David Garnica 0-0: Ball
1-0: Called Strike
1-1: Foul Ball, location: 2F
1-2: Ball
2-2: Foul Ball, location: 2F
2-2: Foul Ball, location: 2F
2-2: 2-RUN HOME RUN (Line Drive, 89XD, EV 110.6 MPH), Distance : 455 ft
Batting: RHB Andy Bachman 0-0: Ball
1-0: SINGLE (Line Drive, 9, EV 86.9 MPH)
Batting: LHB Matt Kennedy 0-0: Called Strike
0-1: SINGLE (Flyball, 3D, EV 96.2 MPH)
Andy Bachman to second
Runner from 2nd tries for 3rd, SAFE, throw by RF made to third
Batting: RHB Alex Villagomez 0-0: Swinging Strike
0-1: Called Strike
0-2: Strikes out swinging
Batting: RHB Juan Zamora 0-0: Ball
1-0: Called Strike
1-1: Swinging Strike
1-2: Strikes out swinging
Batting: RHB Ed Santibanez 0-0: Ball
1-0: Ball
2-0: Called Strike
2-1: Foul Ball, location: 2F
2-2: Fielders Choice at 2nd, 6-4 (Groundball, 6, EV 99.4 MPH)
Bottom of the 3rd over - 2 runs, 4 hits, 0 errors, 2 left on base; Chester 5 - Columbus 4
TOP OF THE 4TH
Chester Pirates batting - Pitching for Columbus Reds : RHP Guang Jue
Pitching: RHP Ernie Maldonado
Batting: RHB Dan Kurtz 0-0: Ball
1-0: Ball
2-0: Ball
3-0: Base on Balls
Batting: RHB Frank Elizondo 0-0: Swinging Strike
0-1: Swinging Strike
0-2: Strikes out swinging
Batting: RHB Erik Mulligan 0-0: Foul Ball, location: 2F
0-1: Swinging Strike
0-2: Strikes out swinging
Batting: RHB Terrence Wilson 0-0: Ball
1-0: Called Strike
1-1: Called Strike
1-2: Ground out 6-3 (Groundball, 6M, EV 85.6 MPH)
Top of the 4th over - 0 runs, 0 hits, 0 errors, 1 left on base; Chester 5 - Columbus 4
BOTTOM OF THE 4TH
Columbus Reds batting - Pitching for Chester Pirates : LHP Ben Buerck
Batting: SHB Jaivata Mohanty 0-0: Called Strike
0-1: Ball
1-1: Called Strike
1-2: Foul Ball, location: 2F
1-2: Strikes out looking
Batting: SHB Cesar Pelayo 0-0: Ball
1-0: Foul Ball, location: 2F
1-1: Foul Ball, location: 2F
1-2: Ball
2-2: Strikes out swinging
Pitching: RHP Pat Hall
Batting: RHB Ben Burkholder 0-0: SINGLE (Groundball, 25, EV 68.1 MPH) (infield hit)
Batting: SHB David Garnica 0-0: Called Strike
Ben Burkholder steals 2nd base
0-1: Ball
1-1: Swinging Strike
1-2: Strikes out swinging
Bottom of the 4th over - 0 runs, 1 hit, 0 errors, 1 left on base; Chester 5 - Columbus 4
TOP OF THE 5TH
Chester Pirates batting - Pitching for Columbus Reds : RHP Ernie Maldonado
Batting: RHB Tim Moore 0-0: Swinging Strike
0-1: Ball
1-1: Swinging Strike
1-2: Foul Ball, location: 2F
1-2: Strikes out swinging
Batting: LHB Carlos Vega 0-0: Called Strike
0-1: Ball
1-1: Called Strike
1-2: SOLO HOME RUN (Flyball, 9D, EV 97.5 MPH), Distance : 396 ft
Batting: RHB Jeff Edwards 0-0: Ball
1-0: Ball
2-0: Called Strike
2-1: Ground out U3 (Groundball, 13, EV 85.6 MPH)
Batting: LHB Dustin Herman 0-0: Ball
1-0: Ball
2-0: Ball
3-0: Base on Balls
Batting: LHB Chad Cutler 0-0: Foul Ball, location: 2F
0-1: Ball
1-1: Ball
2-1: Ball
3-1: Ground out U3 (Groundball, 3L, EV 86.9 MPH)
Top of the 5th over - 1 run, 1 hit, 0 errors, 1 left on base; Chester 6 - Columbus 4
BOTTOM OF THE 5TH
Columbus Reds batting - Pitching for Chester Pirates : RHP Pat Hall
Batting: RHB Andy Bachman 0-0: Foul Ball, location: 2F
0-1: Ball
1-1: Ball
2-1: Ball
3-1: Ground out 6-3 (Groundball, 6, EV 105.0 MPH)
Batting: LHB Matt Kennedy 0-0: Called Strike
0-1: Called Strike
0-2: Ball
1-2: Ball
2-2: Foul Ball, location: 2F
2-2: Ball
3-2: Base on Balls
Batting: RHB Alex Villagomez 0-0: Ball
Matt Kennedy steals 2nd base
1-0: Called Strike
1-1: Called Strike
1-2: Strikes out looking
Batting: RHB Juan Zamora 0-0: SINGLE (Groundball, 34D, EV 96.2 MPH)
Matt Kennedy to third
Batting: RHB Ed Santibanez 0-0: Ball
1-0: Swinging Strike
1-1: Ball
2-1: DOUBLE (Line Drive, 8LXD, EV 98.1 MPH)
Matt Kennedy scores
Juan Zamora to third
Runner from 3rd tries for Home, SAFE, throw by CF to home
Batting: SHB Jaivata Mohanty 0-0: Called Strike
0-1: Swinging Strike
0-2: Foul Ball, location: 2F
0-2: Strikes out swinging
Bottom of the 5th over - 2 runs, 2 hits, 0 errors, 1 left on base; Chester 6 - Columbus 6
TOP OF THE 6TH
Chester Pirates batting - Pitching for Columbus Reds : RHP Ernie Maldonado
Batting: RHB Dan Kurtz 0-0: Swinging Strike
0-1: Swinging Strike
0-2: Ball
1-2: Ground out 4-3 (Groundball, 4, EV 80.0 MPH)
Batting: RHB Frank Elizondo 0-0: Ball
1-0: Swinging Strike
1-1: Ball
2-1: Foul Ball, location: 2F
2-2: Ball
3-2: Foul Ball, location: 2F
3-2: Foul Ball, location: 2F
3-2: Base on Balls
Pinch Hitting: RHB Rusty Trader 0-0: Called Strike
0-1: Ball
1-1: Foul Ball, location: 2F
1-2: DOUBLE (Line Drive, 7LM, EV 101.2 MPH)
Frank Elizondo to third
Batting: RHB Terrence Wilson 0-0: Ball
1-0: Called Strike
1-1: Ball
2-1: Ball
3-1: SINGLE (Flyball, 9LS, EV 91.2 MPH)
Frank Elizondo scores
Rusty Trader to third
Throwing error, E9
Rusty Trader scores
Terrence Wilson to second
Batting: RHB Tim Moore 0-0: Ground out 4-3 (Groundball, 4MD, EV 89.4 MPH)
Terrence Wilson to third
Batting: LHB Carlos Vega 0-0: Foul Ball, location: 2F
0-1: Ball
1-1: SINGLE (Groundball, 4D, EV 99.4 MPH)
Terrence Wilson scores
Pitching: RHP Alex de Leon
Batting: RHB Jeff Edwards 0-0: Ball
1-0: Ball
Pickoff Throw by Catcher to First - Out!
Top of the 6th over - 3 runs, 3 hits, 1 error, 0 left on base; Chester 9 - Columbus 6
BOTTOM OF THE 6TH
Columbus Reds batting - Pitching for Chester Pirates : RHP Pat Hall
Now at 2B: Alex Arzate
Batting: SHB Cesar Pelayo 0-0: Ball
1-0: Foul Ball, location: 2F
1-1: Ball
2-1: Hit by Pitch
Pitching: RHP Tony Ortiz
Batting: RHB Ben Burkholder 0-0: Called Strike
0-1: Swinging Strike
0-2: Foul Ball, location: 2F
0-2: Foul Ball, location: 2F
0-2: Ball
1-2: Ball
2-2: Foul Ball, location: 2F
2-2: Grounds into double play, 4-6-3 (Groundball, 34, EV 87.5 MPH)
Batting: SHB David Garnica 0-0: Ball
1-0: Ball
2-0: Called Strike
2-1: Swinging Strike
2-2: Fly out, F8 (Flyball, 89S, EV 84.4 MPH)
Bottom of the 6th over - 0 runs, 0 hits, 0 errors, 0 left on base; Chester 9 - Columbus 6
TOP OF THE 7TH
Chester Pirates batting - Pitching for Columbus Reds : RHP Alex de Leon
Batting: RHB Jeff Edwards 0-0: Ball
1-0: Ball
2-0: Ball
3-0: Called Strike
3-1: Ground out 4-3 (Groundball, 4S, EV 67.5 MPH)
Batting: LHB Dustin Herman 0-0: Called Strike
0-1: Swinging Strike
0-2: Ball
1-2: Ball
2-2: Ball
3-2: SINGLE (Groundball, 4MS, EV 70.0 MPH) (infield hit)
Batting: LHB Chad Cutler 0-0: Called Strike
0-1: SINGLE (Line Drive, 89S, EV 92.5 MPH)
Dustin Herman to second
Runner from 2nd tries for 3rd, SAFE, no throw by RF
Batting: RHB Dan Kurtz 0-0: Ball
1-0: Called Strike
1-1: Ball
2-1: Foul Ball, location: 2F
2-2: SINGLE (Line Drive, 89M, EV 105.0 MPH)
Dustin Herman scores
Chad Cutler to second
Chad Cutler to third
Batting: RHB Frank Elizondo 0-0: Called Strike
0-1: Ball
1-1: Ball
2-1: Ground out U3 (Groundball, 3S, EV 71.2 MPH)
Dan Kurtz to second
Batting: RHB Alex Arzate 0-0: Ball
1-0: Ball
2-0: Foul Ball, location: 2F
2-1: Foul Ball, location: 2F
2-2: Hit by Pitch
Batting: RHB Terrence Wilson 0-0: Foul Ball, location: 2F
0-1: Fly out, F8 (Flyball, 8RXD, EV 98.1 MPH)
Top of the 7th over - 1 run, 3 hits, 0 errors, 3 left on base; Chester 10 - Columbus 6
BOTTOM OF THE 7TH
Columbus Reds batting - Pitching for Chester Pirates : RHP Tony Ortiz
Now at 1B: Dustin Herman
Now in CF: Melvin Durland
Batting: RHB Andy Bachman 0-0: Ball
1-0: Ball
2-0: Foul Ball, location: 2F
2-1: Ball
3-1: Base on Balls
Batting: LHB Matt Kennedy 0-0: Fielders Choice at 2nd, 4-6 (Groundball, 34, EV 88.8 MPH)
Batting: RHB Alex Villagomez 0-0: Ball
1-0: Ball
2-0: Called Strike
2-1: Grounds into double play, 6-4-3 (Groundball, 6S, EV 81.9 MPH)
Bottom of the 7th over - 0 runs, 0 hits, 0 errors, 0 left on base; Chester 10 - Columbus 6
TOP OF THE 8TH
Chester Pirates batting - Pitching for Columbus Reds : RHP Alex de Leon
Batting: RHB Tim Moore 0-0: Ball
1-0: Ball
2-0: Fly out, F8 (Flyball, 8RXD, EV 89.4 MPH)
Batting: LHB Carlos Vega 0-0: Called Strike
0-1: Ground out 3-1 (Groundball, 34S, EV 90.0 MPH)
Batting: RHB Jeff Edwards 0-0: Ball
1-0: Foul Ball, location: 2F
1-1: Ball
2-1: Ball
3-1: Base on Balls
Batting: LHB Dustin Herman 0-0: Ball
1-0: Called Strike
1-1: Ball
2-1: SINGLE (Groundball, 3D, EV 105.6 MPH)
Jeff Edwards to second
Throwing error, E9
Jeff Edwards scores
Dustin Herman to second
Batting: LHB Chad Cutler 0-0: Ball
1-0: Ball
2-0: Called Strike
2-1: Ground out 5-3 (Groundball, 56, EV 101.9 MPH)
Top of the 8th over - 1 run, 1 hit, 1 error, 1 left on base; Chester 11 - Columbus 6
BOTTOM OF THE 8TH
Columbus Reds batting - Pitching for Chester Pirates : RHP Tony Ortiz
Batting: RHB Juan Zamora 0-0: Called Strike
0-1: Ball
1-1: Ball
2-1: Foul Ball, location: 2F
2-2: Fly out, F8 (Flyball, 8LXD, EV 108.8 MPH)
Batting: RHB Ed Santibanez 0-0: Foul Ball, location: 2F
0-1: Called Strike
0-2: DOUBLE (Flyball, 8LXD, EV 107.5 MPH)
Batting: SHB Jaivata Mohanty 0-0: Called Strike
0-1: Ball
1-1: Foul Ball, location: 2F
1-2: Ball
2-2: Ball
3-2: Base on Balls
Pitching: LHP Juan Villegas
Batting: SHB Cesar Pelayo 0-0: Foul Ball, location: 2F
0-1: Ball
1-1: Fly out, F5 (Line Drive, 5, EV 71.9 MPH)
Batting: RHB Ben Burkholder 0-0: Called Strike
0-1: Swinging Strike
0-2: Ball
1-2: Ball
Balk!
Ed Santibanez to third
Jaivata Mohanty to second
2-2: Foul Ball, location: 2F
2-2: Ball
3-2: Base on Balls
Batting: SHB David Garnica 0-0: Swinging Strike
0-1: Called Strike
0-2: Ball
1-2: Ball
2-2: Ball
3-2: Strikes out looking
Bottom of the 8th over - 0 runs, 1 hit, 0 errors, 3 left on base; Chester 11 - Columbus 6
TOP OF THE 9TH
Chester Pirates batting - Pitching for Columbus Reds : RHP Alex de Leon
Batting: RHB Melvin Durland 0-0: Foul Ball, location: 2F
0-1: Foul Ball, location: 2F
0-2: Ball
1-2: Ball
2-2: Ball
3-2: Base on Balls
Batting: RHB Frank Elizondo 0-0: Ball
1-0: Ball
2-0: Called Strike
Melvin Durland steals 2nd base
2-1: Foul Ball, location: 2F
2-2: Hit by Pitch
Batting: RHB Alex Arzate 0-0: Called Strike
0-1: Foul Ball, location: 2F
0-2: Ball
1-2: DOUBLE (Groundball, 5L, EV 105.0 MPH)
Melvin Durland scores
Frank Elizondo to third
Pitching: RHP Aaron Barraza
Batting: RHB Terrence Wilson 0-0: Foul Ball, location: 2F
0-1: Swinging Strike
0-2: Ball
1-2: Foul Ball, location: 2F
1-2: Ground out 6-3 (Groundball, 6, EV 83.8 MPH)
Frank Elizondo scores
Alex Arzate to third
Pinch Hitting: RHB Chris Arroyo 0-0: Called Strike
0-1: Fly out, F7 (Flyball, 7, EV 90.6 MPH)
Runner from 3rd tags up, SCORES, throw by LF
Batting: LHB Carlos Vega 0-0: Ball
1-0: Foul Ball, location: 2F
1-1: Ball
2-1: Foul Ball, location: 2F
2-2: Ball
3-2: Ground out 4-3 (Groundball, 34, EV 97.5 MPH)
Top of the 9th over - 3 runs, 1 hit, 0 errors, 0 left on base; Chester 14 - Columbus 6
BOTTOM OF THE 9TH
Columbus Reds batting - Pitching for Chester Pirates : LHP Juan Villegas
Now at 3B: Chris Arroyo
Now in LF: Melvin Durland
Now in CF: Terrence Wilson
Now in RF: Jeff Edwards
Batting: RHB Andy Bachman 0-0: Ball
1-0: SINGLE (Groundball, 6MD, EV 100.0 MPH)
Batting: LHB Matt Kennedy 0-0: Foul Ball, location: 2F
0-1: Ball
1-1: Ball
2-1: Ball
3-1: Base on Balls
Andy Bachman to second
Pinch Hitting: LHB Elijah Benton 0-0: Ball
1-0: Called Strike
1-1: Grounds into double play, 5-4-3 (Groundball, 56, EV 88.1 MPH)
Andy Bachman to third
Batting: RHB Juan Zamora 0-0: Fly out, F3 (Popup, 3SF, EV 78.1 MPH)
Bottom of the 9th over - 0 runs, 1 hit, 0 errors, 1 left on base; Chester 14 - Columbus 6
Wednesday, June 22nd , 2022 - OOTP Baseball 23.4 Build 64